 Dungeon Crawl Stone Soup version 0.30.1-9-gdf580d7c3d (webtiles) character file.

Game seed: 13448648705411051531

22143 adriano the Severer (level 12, -16/110 HPs)
             Began as a Minotaur Berserker on Oct 23, 2023.
             Was a High Priest of Trog.
             Demolished by a death yak (22 damage)
             ... on level 3 of the Lair of Beasts.
             The game lasted 01:09:30 (9924 turns).

adriano the Severer (Minotaur Berserker)            Turns: 9924, Time: 01:09:31

Health: -16/110    AC: 15    Str: 27    XL:     12   Next: 60%
Magic:  11/11      EV: 12    Int:  4    God:    Trog [*****.]
Gold:   597        SH: 10    Dex: 12    Spells: 11/11 levels left

rFire   + + .        w - +8 hand axe "Meejoif" {flame, rC+ Stlth+}
rCold   + . .        u - +0 kite shield
rNeg    + . .        U - +0 scale mail {rN+}
rPois   .            (helmet restricted)
rElec   .            J - scarf {repulsion}
rCorr   .            (no gloves)
SInv    .            F - +1 pair of boots
Will    .....        L - amulet of regeneration
Stlth   ++           z - ring of Fuexyinu {Wiz rF++ Dex+2}
HPRegen 1.18/turn    W - +4 ring of protection
MPRegen 0.12/turn

%: repel missiles, wizardry (x1)
@: on berserk cooldown, slowed, very slow
A: horns 2, retaliatory headbutt
a: Renounce Religion, Berserk, Trog's Hand, Brothers in Arms


You were on level 3 of the Lair of Beasts.
You worshipped Trog.
Trog was extremely pleased with you.
You visited 2 branches of the dungeon, and saw 14 of its levels.

You collected 733 gold pieces.
You spent 136 gold pieces at shops.

Inventory:

Hand Weapons
 w - the +8 hand axe "Meejoif" (weapon) {flame, rC+ Stlth+}
   (You found it on level 7 of the Dungeon)

   rC:        It protects you from cold.
   Stlth:     It makes you more stealthy.
Armour
 u - a +0 kite shield (worn)
 F - a +1 pair of boots (worn)
 J - a scarf of repulsion (worn)
 U - a +0 scale mail of positive energy (worn)
Jewellery
 d - an amulet of faith
 l - a +6 ring of intelligence
 z - the ring of Fuexyinu (left hand) {Wiz rF++ Dex+2}
   (You found it on level 7 of the Dungeon)

   [ring of wizardry]

   It improves your spell success rate.
   Dex:       It affects your dexterity (+2).
   rF:        It greatly protects you from fire.
 L - an amulet of regeneration (around neck)
 W - a +4 ring of protection (right hand)
Wands
 a - a wand of polymorph (10)
 t - a wand of mindburst (26)
 y - a wand of light (9)
 N - a wand of charming (19)
 V - a wand of flame (20)
 Y - a wand of roots (2)
Scrolls
 b - a scroll of fog {unknown}
 e - 2 scrolls of fear
 f - 3 scrolls of vulnerability
 g - 3 scrolls of amnesia
 h - 3 scrolls of identify
 i - a scroll of brand weapon {unknown}
 o - 9 scrolls of teleportation
 p - 4 scrolls of enchant weapon {unknown}
 x - 4 scrolls of immolation {unknown}
 E - 4 scrolls of blinking {unknown}
 G - 2 scrolls of magic mapping {unknown}
 S - 2 scrolls of poison {unknown}
 Z - a scroll of enchant armour {unknown}
Potions
 c - 3 potions of flight
 j - 4 potions of might
 k - 8 potions of curing
 m - 4 potions of degeneration
 n - 2 potions of magic
 q - 3 potions of brilliance
 s - 2 potions of invisibility
 C - 3 potions of attraction
 D - 4 potions of haste
 I - 2 potions of berserk rage
 O - 2 potions of heal wounds
 P - a potion of resistance


   Skills:
 + Level 11.6 Fighting
 + Level 2.3 Short Blades
 + Level 15.4 Axes
 + Level 12.5 Armour
 + Level 6.1 Dodging
 + Level 2.6 Stealth
 + Level 9.2 Shields
 + Level 0.1 Evocations


You had 11 spell levels left.
You didn't know any spells.
Your spell library was empty.

Dungeon Overview and Level Annotations

Branches:
Dungeon (11/15)            Temple (0/1) D:4            Lair (3/5) D:10
  Swamp (0/4) Lair:3       Spider (0/4) Lair:3          Orc (0/2) D:9

Altars:
Ashenzari
Cheibriados
Elyvilon
Fedhas
Gozag
Makhleb
Nemelex Xobeh
Qazlal
Ru
Sif Muna
Wu Jian
Xom
Yredelemnul
Zin

Shops:
D:3 [[[!   D:9 *[

Annotations:
D:3 2 transporters
D:7 1 runed translucent door, Gatsu's ghost, amateur HOFi
Lair:3 3 runed translucent doors, Pegitz's ghost, journeyman GrBe


Innate Abilities, Weirdness & Mutations

You have a pair of horns on your head.
You reflexively headbutt those who attack you in melee.


Message History

You slash the death yak! You burn the death yak.
You kill the death yak!
Trog accepts your kill.
The death yak gores you but does no damage.
You slash the death yak! You burn the death yak.
Your headbutt misses the death yak.
The death yak is moderately wounded.
You barely miss the death yak. The death yak completely misses you.
You furiously retaliate!
You headbutt the death yak.
The death yak gores you but does no damage.
You hit the death yak but do no damage.
The death yak is moderately wounded.
You hit the death yak but do no damage.
The death yak gores you but does no damage.
You block the death yak's attack.
You hit the death yak. You burn the death yak.
You headbutt the death yak, but do no damage.
The death yak is heavily wounded.
You hit the death yak. You burn the death yak. The death yak gores you!!
You block the death yak's attack.
You hit the death yak. You burn the death yak.
Your headbutt misses the death yak.
The death yak is heavily wounded.
You hit the death yak. You burn the death yak.
The death yak closely misses you. The death yak gores you!!
* * * LOW HITPOINT WARNING * * *
You slash the death yak! You burn the death yak. You headbutt the death yak!
The death yak is almost dead.
You hit the death yak but do no damage. You block the death yak's attack. x2
You hit the death yak. You burn the death yak.
You headbutt the death yak, but do no damage.
The death yak is almost dead.
You hit the death yak but do no damage. The death yak gores you!!
* * * LOW HITPOINT WARNING * * *
You block the death yak's attack.
You slash the death yak! You burn the death yak.
You kill the death yak!
Trog accepts your kill.
You hit the death yak but do no damage. The death yak gores you!!
You die...

.. .. .. #..# ..
..##..# P#...#
....## ....# ...#
#†Y# #@# .....#..#
##.# .......# #..#
####...P..# ##.#
...#...#..# #.#
.#..#......# #.#
#...+...#..## #.#
...S+.......####.#
#.FS+............#


You could see a death yak.

Vanquished Creatures
  A hydra (Lair:2)
  4 death yaks (Lair:3)
  A pharaoh ant (Lair:3)
  An oklob plant (Lair:2)
  2 black mambas (Lair:1)
  6 cane toads
  2 gargoyles
  A rime drake (Lair:1)
  4 kobold demonologists
  3 komodo dragons
  3 trolls (D:10)
  8 blink frogs
  A jumping spider (Lair:3)
  32 yaks
  A steam dragon (Lair:3)
  A basilisk (Lair:1)
  2 redbacks (Lair:3)
  11 water moccasins
  An orc warrior (D:6)
  3 sky beasts
  2 ice beasts
  2 black bears
  5 ogres
  2 centaurs (D:9)
  14 wolves
  2 phantoms
  4 kobold brigands
  6 bullfrogs
  2 gnoll sergeants (D:6)
  A scorpion (D:5)
  3 wights (D:8)
  5 killer bees (D:10)
  A howler monkey (D:4)
  3 jellies (D:6)
  2 gnoll boudas
  6 orc priests
  6 hounds
  4 iguanas
  5 orc wizards
  14 adders
  14 gnolls
  3 white imps
  2 ufetubi
  2 dart slugs
  23 orcs
  4 endoplasms
  2 giant cockroaches
  3 goblins
  4 hobgoblins
  6 jackals (D:2)
  25 kobolds
  3 quokkas
  5 ball pythons
  9 bats
  6 frilled lizards (D:2)
  3 rats
291 creatures vanquished.

Vanquished Creatures (collateral kills)
  Psyche (D:8)
1 creature vanquished.

Vanquished Creatures (others)
  A hound (D:6)
1 creature vanquished.

Grand Total: 293 creatures vanquished

Notes
Turn   | Place    | Note
-------+----------+-------------------------------------------
     0 | D:1      | adriano the Minotaur Berserker began the quest for the Orb.
     0 | D:1      | Reached XP level 1. HP: 19/19 MP: 0/0
   317 | D:1      | Reached XP level 2. HP: 27/27 MP: 1/1
   451 | D:1      | Reached skill level 4 in Axes
   624 | D:2      | Found a shimmering altar of Xom.
   681 | D:2      | Reached XP level 3. HP: 33/33 MP: 2/2
   707 | D:2      | Reached ** piety under Trog
  1515 | D:3      | Reached XP level 4. HP: 37/41 MP: 3/3
  1528 | D:3      | Found Ycsobati's Distillery.
  1608 | D:3      | Found Parangan's Antique Armour Boutique.
  1698 | D:3      | Found a transporter.
  1698 | D:3      | Found Jaonwybi's Armour Boutique.
  1719 | D:3      | Found a transporter.
  1757 | D:3      | Found Emaw's Armour Boutique.
  1916 | D:4      | Found a staircase to the Ecumenical Temple.
  1977 | D:4      | Noticed a phantom
  1985 | D:4      | Killed a phantom
  1986 | D:4      | Reached XP level 5. HP: 46/47 MP: 4/4
  2122 | D:4      | Found a sparkling altar of Nemelex Xobeh.
  2158 | D:4      | Reached skill level 5 in Axes
  2313 | D:4      | Noticed an ogre
  2328 | D:5      | Entered Level 5 of the Dungeon
  2333 | D:4      | Killed an ogre
  2334 | D:4      | Reached skill level 1 in Short Blades
  2334 | D:4      | Reached skill level 1 in Shields
  2334 | D:4      | Reached XP level 6. HP: 16/55 MP: 5/5
  2518 | D:4      | Found a stormy altar of Qazlal.
  2518 | D:4      | Noticed a sky beast
  2523 | D:4      | Killed a sky beast
  2524 | D:4      | Reached skill level 5 in Fighting
  2527 | D:4      | Reached skill level 5 in Armour
  2591 | D:4      | Found a sacrificial altar of Ru.
  2768 | D:4      | Found a shimmering blue altar of Sif Muna.
  3019 | D:5      | Reached skill level 6 in Axes
  3019 | D:5      | Reached XP level 7. HP: 61/61 MP: 6/6
  3087 | D:5      | Reached skill level 1 in Stealth
  3186 | D:5      | Found a broken altar of Ashenzari.
  3211 | D:5      | Reached *** piety under Trog
  3406 | D:5      | Reached skill level 7 in Axes
  3484 | D:5      | Found an ornate altar of the Wu Jian Council.
  3546 | D:6      | Found a snail-covered altar of Cheibriados.
  3570 | D:6      | Reached XP level 8. HP: 56/70 MP: 7/7
  3698 | D:6      | Reached skill level 8 in Axes
  3972 | D:6      | Reached **** piety under Trog
  4042 | D:6      | Reached skill level 9 in Axes
  4218 | D:6      | Reached XP level 9. HP: 63/79 MP: 8/8
  4592 | D:7      | Found a runed translucent door.
  4592 | D:7      | Noticed Gatsu's ghost (amateur HOFi)
  4595 | D:7      | Identified the +8 hand axe "Meejoif" {flame, rC+ Stlth+}
  4662 | D:7      | Identified the ring of Fuexyinu {Wiz rF++ Dex+2}
  4687 | D:7      | Reached skill level 10 in Axes
  5053 | D:8      | Noticed a troll
  5160 | D:8      | Noticed Psyche
  5164 | D:8      | Killed Psyche
  5362 | D:8      | Reached skill level 5 in Shields
  5372 | D:8      | Reached skill level 11 in Axes
  5378 | D:8      | Reached XP level 10. HP: 54/88 MP: 9/9
  5698 | D:8      | Reached skill level 10 in Armour
  5780 | D:9      | Found a staircase to the Orcish Mines.
  5803 | D:9      | Found Pewn's Armour Shop.
  5808 | D:9      | Bought a +0 scale mail of positive energy for 136 gold
                  | pieces
  5865 | D:9      | Found a burning altar of Makhleb.
  5868 | D:9      | Found an opulent altar of Gozag.
  5871 | D:9      | Found a basalt altar of Yredelemnul.
  5874 | D:9      | Found a white marble altar of Elyvilon.
  6199 | D:9      | Found Cijocs's Mayhem Merchandise.
  6651 | D:10     | Entered Level 10 of the Dungeon
  6659 | D:10     | Reached skill level 12 in Axes
  6755 | D:10     | Found a staircase to the Lair.
  6826 | D:10     | Found a blossoming altar of Fedhas.
  6939 | D:10     | Reached skill level 13 in Axes
  7082 | D:10     | Noticed a gargoyle
  7095 | D:10     | Killed a gargoyle
  7096 | D:10     | Reached XP level 11. HP: 74/95 MP: 10/10
  7194 | D:10     | Found a glowing silver altar of Zin.
  7350 | D:11     | Noticed a purple ugly thing
  7416 | Lair:1   | Entered Level 1 of the Lair of Beasts
  7669 | Lair:1   | Reached skill level 14 in Axes
  7670 | Lair:1   | Reached ***** piety under Trog
  8508 | Lair:2   | Reached skill level 10 in Fighting
  8539 | Lair:2   | Found a stormy altar of Qazlal.
  8554 | Lair:2   | Noticed a five-headed hydra
  8561 | Lair:2   | Killed a one-headed hydra
  8562 | Lair:2   | Reached skill level 5 in Dodging
  8615 | Lair:2   | Reached XP level 12. HP: 77/107 MP: 11/11
  8931 | Lair:2   | Received a gift from Trog
  9048 | Lair:2   | Reached skill level 15 in Axes
  9499 | Lair:3   | Found a staircase to the Swamp.
  9503 | Lair:3   | Found a hole to the Spider Nest.
  9843 | Lair:3   | Noticed Pegitz's ghost (journeyman GrBe)
  9850 | Lair:3   | Found a runed translucent gate.
  9850 | Lair:3   | Found a runed translucent gate.
  9852 | Lair:3   | Found a runed translucent gate.
  9888 | Lair:3   | Noticed a death yak
  9889 | Lair:3   | Noticed a death yak
  9890 | Lair:3   | Noticed a death yak
  9890 | Lair:3   | Noticed a death yak
  9892 | Lair:3   | Noticed a death yak
  9904 | Lair:3   | Killed a death yak
  9914 | Lair:3   | Killed a death yak
  9917 | Lair:3   | Killed a death yak
  9923 | Lair:3   | HP: 5/110 [death yak (21)]
  9924 | Lair:3   | Killed a death yak
  9924 | Lair:3   | Demolished by a death yak

Illustrated notes

Levels and vault maps discovered:
D:1:      minmay_arrival_solitary_statue, layout_basic
D:2:      layout_loops_cross, basic_altar, minmay_lizard_king
D:3:      layout_rooms, serial_shops, shop, nicolae_shop_waterfront,
          nicolae_shop_drivethru, shop_fountains
D:4:      layout_basic, kennysheep_orc_sif_temple,
          nicolae_qazlal_beasts_of_the_sky, nemelex_altar_shiori,
          nicolae_ru_path_of_blood, minmay_temple_entry_slanted
D:5:      layout_basic, lemuel_coloured_pillars_altar,
          mainiacjoe_overflow_catwalk
D:6:      minmay_skewed_foursquare, layout_basic, kennysheep_slug_shrine
D:7:      layout_rooms, hellmonk_ghost_happy_afterlife
D:8:      layout_loops_ring, uniq_psyche
D:9:      layout_cave_pods, grunt_temple_overflow_cloverleaf, orc_0_dummy,
          serial_shops, kennysheep_little_box, minmay_shop_mayhem
D:10:     layout_small_grid, fedhas_altar_3, zin_treasury, lair_entry_dummy
D:11:     layout_gridville, serial_glass, glass_columns_a, glass_columns_a,
          uniq_grum
Lair:1:   layout_cave_pods, grunt_forest_small_clearing_treed, lemuel_fruit_tree
Lair:2:   layout_roguey, basic_altar, grunt_megastairs_1
Lair:3:   layout_long_grid, swamp_mist, nicolae_spider_entry_lesser_pyramids,
          gammafunk_ghost_split, serial_bayou_shore_a

Skill      XL: |  1  2  3  4  5  6  7  8  9 10 11 12 |
---------------+-------------------------------------+-----
Fighting       | 4 5 7 8 10 11 | 11.6
Axes           | 4 5 6 7 9 11 13 14 15 | 15.4
Armour         | 3 4 5 6 8 9 10 11 12 | 12.5
Short Blades   | 1 2 |  2.3
Shields        | 1 2 3 5 6 8 9 |  9.2
Stealth        | 1 2 |  2.6
Dodging        | 3 4 5 6 |  6.1
Evocations     | |  0.1

Action                     |  1- 3 |  4- 6 |  7- 9 | 10-12 || total
---------------------------+-------+-------+-------+-------++-------
  Melee: Hand axe          |    49 |       |    62 |   379 ||   490
         Headbutt          |    17 |    10 |    52 |    58 ||   137
         Short sword       |    36 |    24 |    12 |       ||    72
         War axe           |       |    58 |   179 |       ||   237
 Invoke: Berserk           |       |       |     2 |     7 ||     9
         Trog's Hand       |       |       |     1 |     1 ||     2
         Brothers in Arms  |       |       |     1 |       ||     1
  Evoke: Wand              |       |       |       |     1 ||     1
    Use: Potion            |       |     1 |     3 |     1 ||     5
         Scroll            |       |       |       |    13 ||    13
   Stab: Sleeping          |       |       |       |     2 ||     2
 Armour: Animal skin       |     6 |       |       |       ||     6
         Ring mail         |    24 |       |       |       ||    24
         Plate armour      |    11 |    55 |   154 |    10 ||   230
         Scale mail        |       |       |       |    94 ||    94
  Dodge: Dodged            |    56 |    26 |    63 |   116 ||   261
         Repelled          |       |       |     2 |     2 ||     4
  Block: Kite shield       |    11 |    29 |   106 |   123 ||   269
